BSA
BAFFIN ISLAND BEAVERS @ GREENVILLE 84S
07/15/2028
 
TOP OF THE 1ST
Baffin Island Beavers batting - Pitching for Greenville 84s : RHP Vicente Durán
Pitching: RHP Vicente Durán
Batting: RHB Tony Morton 0-0: Foul Ball, location: 2F
0-1: Ball
1-1: Swinging Strike
1-2: Ground out 6-3 (Groundball, 6)
Batting: LHB Norberto Muńóz 0-0: Called Strike
0-1: Ball
1-1: Called Strike
1-2: Strikes out swinging
Batting: LHB Chris Bates 0-0: Ball
1-0: Called Strike
1-1: Foul Ball, location: 2F
1-2: Ball
2-2: Ball
3-2: Fly out, F8 (Flyball, 8LM)
Top of the 1st over - 0 run(s), 0 hit(s), 0 error(s), 0 left on base; Baffin Island 0 - Greenville 0
BOTTOM OF THE 1ST
Greenville 84s batting - Pitching for Baffin Island Beavers : RHP Jesse Little
Pitching: RHP Jesse Little
Batting: LHB Paco Rosas 0-0: Ball
1-0: Foul Ball, location: 2F
1-1: Ball
2-1: Ball
3-1: SINGLE (Flyball, 7S)
Batting: LHB Robert Moore 0-0: Ball
1-0: Foul Ball, location: 2F
1-1: Foul Ball, location: 2F
1-2: Strikes out looking
Batting: RHB Enzo Díaz 0-0: Ball
1-0: Ball
2-0: Called Strike
2-1: Foul Ball, location: 2F
2-2: Ball
3-2: Foul Ball, location: 2F
3-2: Fly out, F3 (Popup, 3L)
Batting: LHB Brock Larsen 0-0: Ball
1-0: Fly out, F8 (Flyball, 78D)
Bottom of the 1st over - 0 run(s), 1 hit(s), 0 error(s), 1 left on base; Baffin Island 0 - Greenville 0
TOP OF THE 2ND
Baffin Island Beavers batting - Pitching for Greenville 84s : RHP Vicente Durán
Batting: RHB Dave Craig 0-0: Ground out 6-3 (Groundball, 6)
Batting: LHB Lorenzo Villa 0-0: Ball
1-0: Ground out U3 (Groundball, 3S)
Batting: RHB José Aguilera 0-0: Called Strike
0-1: Foul Ball, location: 2F
0-2: Ball
1-2: Ball
2-2: Fly out, F8 (Flyball, 8RM)
Top of the 2nd over - 0 run(s), 0 hit(s), 0 error(s), 0 left on base; Baffin Island 0 - Greenville 0
BOTTOM OF THE 2ND
Greenville 84s batting - Pitching for Baffin Island Beavers : RHP Jesse Little
Batting: RHB Vic Langlois 0-0: Called Strike
0-1: Ball
1-1: Foul Ball, location: 2F
1-2: Foul Ball, location: 2F
1-2: Ball
2-2: Strikes out swinging
Batting: LHB Jimmy Vickers 0-0: Ball
1-0: Foul Ball, location: 2F
1-1: Swinging Strike
1-2: Hit by Pitch
Batting: RHB Felipe Rodríguez 0-0: Foul Ball, location: 2F
0-1: Foul Ball, location: 2F
0-2: Strikes out swinging
Batting: LHB José Costa 0-0: Foul Ball, location: 2F
0-1: Ball
1-1: Called Strike
1-2: Ball
2-2: Foul Ball, location: 2F
2-2: Strikes out looking
Bottom of the 2nd over - 0 run(s), 0 hit(s), 0 error(s), 1 left on base; Baffin Island 0 - Greenville 0
TOP OF THE 3RD
Baffin Island Beavers batting - Pitching for Greenville 84s : RHP Vicente Durán
Batting: LHB Keng-chi Lao 0-0: Called Strike
0-1: Called Strike
0-2: Ball
1-2: Foul Ball, location: 2F
1-2: Foul Ball, location: 2F
1-2: Ball
2-2: SOLO HOME RUN (Flyball, 9D), Distance : 361 ft
Batting: RHB Murdoch Norton 0-0: Fly out, F5 (Popup, 5L)
Batting: RHB António Valdéz 0-0: Called Strike
0-1: Ball
1-1: Ball
2-1: Called Strike
2-2: Foul Ball, location: 2F
2-2: Foul Ball, location: 2F
2-2: Foul Ball, location: 2F
2-2: Ball
3-2: Strikes out swinging
Batting: RHB Tony Morton 0-0: Called Strike
0-1: Ball
1-1: Fly out, F3 (Popup, 3S)
Top of the 3rd over - 1 run(s), 1 hit(s), 0 error(s), 0 left on base; Baffin Island 1 - Greenville 0
BOTTOM OF THE 3RD
Greenville 84s batting - Pitching for Baffin Island Beavers : RHP Jesse Little
Batting: RHB Patrick Potts 0-0: Called Strike
0-1: SINGLE (Groundball, 56D)
Batting: LHB Paco Rosas 0-0: Ball
1-0: Called Strike
Patrick Potts steals 2nd base
1-1: Foul Ball, location: 2F
1-2: Fly out, F1 (Line Drive, 13)
Batting: LHB Robert Moore 0-0: Fly out, F7 (Flyball, 7S)
Batting: RHB Enzo Díaz 0-0: Foul Ball, location: 2F
0-1: Foul Ball, location: 2F
0-2: Ball
1-2: Ball
2-2: Ball
3-2: 2-RUN HOME RUN (Flyball, 7D), Distance : 363 ft
Batting: LHB Brock Larsen 0-0: Ball
1-0: Foul Ball, location: 2F
1-1: Called Strike
1-2: Ball
2-2: SINGLE (Flyball, 78S)
Batting: RHB Vic Langlois 0-0: Foul Ball, location: 2F
0-1: Ball
1-1: Ball
2-1: Foul Ball, location: 2F
2-2: Strikes out swinging
Bottom of the 3rd over - 2 run(s), 3 hit(s), 0 error(s), 1 left on base; Baffin Island 1 - Greenville 2
TOP OF THE 4TH
Baffin Island Beavers batting - Pitching for Greenville 84s : RHP Vicente Durán
Batting: LHB Norberto Muńóz 0-0: Swinging Strike
0-1: Foul Ball, location: 2F
0-2: Ball
1-2: Foul Ball, location: 2F
1-2: Foul Ball, location: 2F
1-2: Ball
2-2: Foul Ball, location: 2F
2-2: Fly out, F8 (Flyball, 8RXD)
Batting: LHB Chris Bates 0-0: Fly out, F3 (Popup, 3L)
Batting: RHB Dave Craig 0-0: Called Strike
0-1: Foul Ball, location: 2F
0-2: Ball
1-2: Ball
2-2: Ball
3-2: SINGLE (Groundball, 6MD)
Batting: LHB Lorenzo Villa 0-0: Called Strike
0-1: Ball
1-1: Called Strike
1-2: Foul Ball, location: 2F
1-2: Ball
2-2: Ball
3-2: Ground out U3 (Groundball, 3)
Top of the 4th over - 0 run(s), 1 hit(s), 0 error(s), 1 left on base; Baffin Island 1 - Greenville 2
BOTTOM OF THE 4TH
Greenville 84s batting - Pitching for Baffin Island Beavers : RHP Jesse Little
Batting: LHB Jimmy Vickers 0-0: Foul Ball, location: 2F
0-1: Called Strike
0-2: Strikes out swinging
Batting: RHB Felipe Rodríguez 0-0: Ball
1-0: Called Strike
1-1: Called Strike
1-2: Strikes out looking
Batting: LHB José Costa 0-0: Foul Ball, location: 2F
0-1: Swinging Strike
0-2: Ball
1-2: Strikes out swinging
Bottom of the 4th over - 0 run(s), 0 hit(s), 0 error(s), 0 left on base; Baffin Island 1 - Greenville 2
TOP OF THE 5TH
Baffin Island Beavers batting - Pitching for Greenville 84s : RHP Vicente Durán
Batting: RHB José Aguilera 0-0: Swinging Strike
0-1: Called Strike
0-2: Ball
1-2: Ball
2-2: Ground out 6-3 (Groundball, 6)
Batting: LHB Keng-chi Lao 0-0: Ball
1-0: Ball
2-0: Called Strike
2-1: Ground out U3 (Groundball, 3L)
Batting: RHB Murdoch Norton 0-0: Called Strike
0-1: Ball
1-1: Foul Ball, location: 2F
1-2: Ball
2-2: Foul Ball, location: 2F
2-2: DOUBLE (Flyball, 78D)
Batting: RHB António Valdéz 0-0: Ball
1-0: Fly out, F7 (Flyball, 78S)
Top of the 5th over - 0 run(s), 1 hit(s), 0 error(s), 1 left on base; Baffin Island 1 - Greenville 2
BOTTOM OF THE 5TH
Greenville 84s batting - Pitching for Baffin Island Beavers : RHP Jesse Little
Batting: RHB Patrick Potts 0-0: Ball
1-0: Foul Ball, location: 2F
1-1: Swinging Strike
1-2: Ground out 3-1 (Groundball, 34)
Batting: LHB Paco Rosas 0-0: SINGLE (Flyball, 8RS)
Batting: LHB Robert Moore 0-0: Ball
1-0: Called Strike
1-1: Foul Ball, location: 2F
1-2: Fly out, F3 (Popup, 3S)
Batting: RHB Enzo Díaz 0-0: Foul Ball, location: 2F
0-1: Foul Ball, location: 2F
0-2: Hit by Pitch
Paco Rosas to second
Batting: LHB Brock Larsen 0-0: Fly out, F7 (Flyball, 7LS)
Bottom of the 5th over - 0 run(s), 1 hit(s), 0 error(s), 2 left on base; Baffin Island 1 - Greenville 2
TOP OF THE 6TH
Baffin Island Beavers batting - Pitching for Greenville 84s : RHP Vicente Durán
Batting: RHB Tony Morton 0-0: Called Strike
0-1: Ball
1-1: Called Strike
1-2: Fly out, F9 (Flyball, 89M)
Batting: LHB Norberto Muńóz 0-0: Called Strike
0-1: Ground out 6-3 (Groundball, 6)
Batting: LHB Chris Bates 0-0: Ball
1-0: Fly out, F9 (Flyball, 89M)
Top of the 6th over - 0 run(s), 0 hit(s), 0 error(s), 0 left on base; Baffin Island 1 - Greenville 2
BOTTOM OF THE 6TH
Greenville 84s batting - Pitching for Baffin Island Beavers : RHP Jesse Little
Batting: RHB Vic Langlois 0-0: Swinging Strike
0-1: Ground out 5-3 (Groundball, 5)
Batting: LHB Jimmy Vickers 0-0: Called Strike
0-1: Ball
1-1: Called Strike
1-2: Foul Ball, location: 2F
1-2: SOLO HOME RUN (Line Drive, 7D), Distance : 369 ft
Batting: RHB Felipe Rodríguez 0-0: Ball
1-0: Called Strike
1-1: Ball
2-1: Ball
3-1: Fly out, F7 (Flyball, 7S)
Batting: LHB José Costa 0-0: Ball
1-0: Foul Ball, location: 2F
1-1: Called Strike
1-2: Strikes out looking
Bottom of the 6th over - 1 run(s), 1 hit(s), 0 error(s), 0 left on base; Baffin Island 1 - Greenville 3
TOP OF THE 7TH
Baffin Island Beavers batting - Pitching for Greenville 84s : RHP Vicente Durán
Batting: RHB Dave Craig 0-0: Called Strike
0-1: Called Strike
0-2: Ball
1-2: Strikes out looking
Batting: LHB Lorenzo Villa 0-0: Foul Ball, location: 2F
0-1: Ball
1-1: Fly out, F8 (Flyball, 8RM)
Batting: RHB José Aguilera 0-0: Called Strike
0-1: Ground out 3-1 (Groundball, 34)
Top of the 7th over - 0 run(s), 0 hit(s), 0 error(s), 0 left on base; Baffin Island 1 - Greenville 3
BOTTOM OF THE 7TH
Greenville 84s batting - Pitching for Baffin Island Beavers : RHP Jesse Little
Batting: RHB Patrick Potts 0-0: Called Strike
0-1: Called Strike
0-2: Strikes out swinging
Batting: LHB Paco Rosas 0-0: Swinging Strike
0-1: Called Strike
0-2: Ball
1-2: Foul Ball, location: 2F
1-2: SOLO HOME RUN (Flyball, 9LD), Distance : 334 ft
Batting: LHB Robert Moore 0-0: Ball
1-0: Called Strike
1-1: Foul Ball, location: 2F
1-2: Foul Ball, location: 2F
1-2: Strikes out swinging
Batting: RHB Enzo Díaz 0-0: Ball
1-0: Ball
2-0: Fly out, F4 (Popup, 4)
Bottom of the 7th over - 1 run(s), 1 hit(s), 0 error(s), 0 left on base; Baffin Island 1 - Greenville 4
TOP OF THE 8TH
Baffin Island Beavers batting - Pitching for Greenville 84s : RHP Vicente Durán
Batting: LHB Keng-chi Lao 0-0: Called Strike
0-1: Ball
1-1: Ball
2-1: Ground out 4-3 (Groundball, 4)
Batting: RHB Murdoch Norton 0-0: Foul Ball, location: 2F
0-1: Ball
1-1: Swinging Strike
1-2: Ball
2-2: Strikes out swinging
Batting: RHB António Valdéz 0-0: Called Strike
0-1: Ball
1-1: Swinging Strike
1-2: Strikes out swinging
Top of the 8th over - 0 run(s), 0 hit(s), 0 error(s), 0 left on base; Baffin Island 1 - Greenville 4
BOTTOM OF THE 8TH
Greenville 84s batting - Pitching for Baffin Island Beavers : RHP Jesse Little
Pitching: LHP Cecil Bonekamp
Batting: LHB Brock Larsen 0-0: Ground out 4-3 (Groundball, 4)
Batting: RHB Vic Langlois 0-0: Ground out 4-3 (Groundball, 4)
Batting: LHB Jimmy Vickers 0-0: Fly out, F7 (Flyball, 7LM)
Bottom of the 8th over - 0 run(s), 0 hit(s), 0 error(s), 0 left on base; Baffin Island 1 - Greenville 4
TOP OF THE 9TH
Baffin Island Beavers batting - Pitching for Greenville 84s : RHP Vicente Durán
Pitching: LHP Francisco Ríos
Batting: RHB Tony Morton 0-0: Ball
1-0: Fly out, F4 (Popup, 4S)
Batting: LHB Norberto Muńóz 0-0: Ball
1-0: Fly out, F3 (Popup, 3L)
Batting: LHB Chris Bates 0-0: Foul Ball, location: 2F
0-1: Ball
1-1: Called Strike
1-2: Ball
2-2: Strikes out swinging
Top of the 9th over - 0 run(s), 0 hit(s), 0 error(s), 0 left on base; Baffin Island 1 - Greenville 4
Tuesday, August 8th, 2017 - OOTP Baseball 17.12 Build 75